 Dungeon Crawl Stone Soup version 0.23.1-37-gaa34b87 (webtiles) character file.

Game seed: 12322365768553542251

273 night the Conjurer (level 6, -5/43 HPs)
             Began as a Demonspawn Wanderer on Mar 22, 2019.
             Was an Initiate of Cheibriados (penitent).
             Splashed by a jelly's acid (6 damage)
             ... on level 4 of the Dungeon.
             The game lasted 00:15:48 (5175 turns).

night the Conjurer (Demonspawn Wanderer)            Turns: 5175, Time: 00:15:56

Health: -5/43      AC: -5    Str: 12    XL:     6   Next: 3%
Magic:  0/10       EV: 10    Int: 15    God:    Cheibriados [*]
Gold:   96         SH:  0    Dex: 13    Spells: 6/11 levels left

rFire    . . .     SeeInvis .   h - +0 dagger (venom)
rCold    . . .     Gourm    .   (no shield)
rNeg     . . .     Faith    .   b - +0 ring mail
rPois    .         Spirit   +   (helmet restricted)
rElec    .         Reflect  .   r - +0 cloak
rCorr    .         Harm     .   (no gloves)
MR       .....                  (no boots)
Stlth    +.........             (no amulet)
HPRegen  0.14/turn              (no ring)
MPRegen  0.24/turn              (no ring)

@: corroded, hasted, quick
A: antennae 1, magic shield, magic regeneration
a: Renounce Religion


You were on level 4 of the Dungeon.
You worshipped Cheibriados.
Cheibriados was demanding penance.
You were hungry.

You visited 1 branch of the dungeon, and saw 4 of its levels.

You collected 96 gold pieces.

Inventory:

Hand Weapons
 h - a +0 dagger of venom (weapon)
 j - a +0 mace
 o - a +3 quarterstaff of chaos
 p - a +2 dagger of protection
 q - a +2 trident of flaming
Missiles
 d - 116 stones (quivered)
 k - 42 arrows
Armour
 b - a +0 ring mail (worn)
 r - a +0 cloak (worn)
Scrolls
 a - 3 scrolls of remove curse {unknown}
 c - 2 scrolls of enchant armour {unknown}
 e - a scroll of enchant weapon {unknown}
 g - a scroll of noise {unknown}
 i - a scroll of identify {unknown}
 l - a scroll of blinking {unknown}
 n - 3 scrolls of teleportation {unknown}
 s - a scroll of amnesia {unknown}
Comestibles
 f - 4 rations


   Skills:
 - Level 1.0 Fighting
 - Level 1.0 Maces & Flails
 - Level 1.0 Armour
 - Level 1.0 Stealth
   Level 1.0 Shields
 + Level 3.2 Spellcasting
 * Level 5.2 Conjurations
   Level 1.7 Ice Magic


You had 6 spell levels left.
You knew the following spells:

 Your Spells              Type           Power        Failure   Level  Hunger
a - Magic Dart            Conj           ###.         4%          1    #......
b - Iskenderun's Mystic   Conj           ###.....     45%         4    #####..

Your spell library contained the following spells:

 Spells                   Type           Power        Failure   Level  Hunger
 Searing Ray              Conj           ###...       8%          2    ##.....
 Dazzling Spray           Conj/Hex       ##....       41%         3    ###....
 Force Lance              Conj/Tloc      ##......     83%         4    #####..
 Fulminant Prism          Conj/Hex       ##........   83%         4    #####..


Dungeon Overview and Level Annotations

Branches:
Dungeon (4/15)
 Temple: D:4-7

Altars:
Ashenzari
Cheibriados
Dithmenos
Elyvilon
Makhleb
Nemelex Xobeh
Okawaru
Ru
Sif Muna
Trog
Vehumet
Zin


Innate Abilities, Weirdness & Mutations

You have a pair of small antennae on your head.
When hurt, damage is shared between your health and your magic reserves.
You regenerate magic rapidly.


Message History

The jelly is heavily wounded.
The jelly hits you. The acid corrodes you!
You are splashed with acid!
* * * LOW HITPOINT WARNING * * *
You hit the jelly. The acid corrodes you!
Your hands burn!
* * * LOW HITPOINT WARNING * * *
The jelly is severely wounded.
The jelly hits you.
* * * LOW HITPOINT WARNING * * *
You are splashed with acid!
* * * LOW HITPOINT WARNING * * *
Okay, then.
Okay, then.
You feel yourself speed up.
Cheibriados thinks you should slow down.
You feel extremely guilty.
Cheibriados will no longer slow and strengthen your metabolism.
Cheibriados lowers the support of your attributes as your movement quickens. "You will pay for your transgression, mortal!"
The jelly hits you. The acid corrodes you!
You are splashed with acid.
You die...

#.#########
#.# #.# #.#
#.# #.# #.#
#
#.#####..##
#..?@Ja...#
######o...#
{ .>...
.... ... ..
.


You could see a jelly, a worker ant and an orc.

Vanquished Creatures
  2 orc priests (D:4)
  Crazy Yiuf (D:2)
  Terence (D:2)
  2 orc wizards
  An adder (D:4)
  5 worms
  2 dart slugs
  2 leopard geckos (D:1)
  10 orcs
  3 ball pythons
  8 bats
  3 giant cockroaches
  8 goblins
  5 hobgoblins
  7 jackals
  2 quokkas (D:2)
  4 frilled lizards
  9 kobolds
  12 rats
87 creatures vanquished.

Notes
Turn   | Place    | Note
-------+----------+-------------------------------------------
     0 | D:1      | night the Demonspawn Wanderer began the quest for the Orb.
     0 | D:1      | night set off with the following items: a +0 dagger, a +0
                  | ring mail, a potion of lignification, a ration; and the
                  | following spell memorised: Magic Dart; and the following
                  | spells available to memorise: Searing Ray, Dazzling Spray,
                  | Iskenderun's Mystic Blast, Force Lance, Fulminant Prism
     0 | D:1      | Reached XP level 1. HP: 15/15 MP: 2/2
   321 | D:1      | Gained mutation: When hurt, damage is shared between your
                  | health and your magic reserves. [demonic ancestry]
   321 | D:1      | Reached XP level 2. HP: 21/21 MP: 2/4
  1080 | D:1      | Reached skill level 3 in Conjurations
  1340 | D:2      | Noticed Terence
  1474 | D:2      | HP: 1/21 [kobold (1)]
  1497 | D:2      | Killed Terence
  1497 | D:2      | Gained mutation: You have a pair of small antennae on your
                  | head. [demonic ancestry]
  1497 | D:2      | Reached XP level 3. HP: 19/26 MP: 0/6
  1958 | D:2      | Reached XP level 4. HP: 32/32 MP: 1/7
  2724 | D:2      | Found an iron altar of Okawaru.
  2887 | D:3      | Reached skill level 4 in Conjurations
  3080 | D:3      | Found a sparkling altar of Nemelex Xobeh.
  4022 | D:1      | HP: 1/32 [something/magic dart (3)]
  4152 | D:2      | Reached XP level 5. HP: 31/37 MP: 5/9
  4250 | D:2      | Found a runed translucent door.
  4251 | D:2      | Noticed Crazy Yiuf
  4260 | D:2      | Killed Crazy Yiuf
  4362 | D:3      | Found a snail-covered altar of Cheibriados.
  4376 | D:3      | Became a worshipper of Cheibriados the Contemplative
  4391 | D:3      | Learned a level 4 spell: Iskenderun's Mystic Blast
  4391 | D:3      | Found a burning altar of Makhleb.
  4394 | D:3      | Noticed a balrug
  4447 | D:3      | Found a sacrificial altar of Ru.
  4474 | D:3      | Found a bloodstained altar of Trog.
  4497 | D:3      | Found a glowing silver altar of Zin.
  4498 | D:3      | Noticed an angel
  4515 | D:3      | Found a shadowy altar of Dithmenos.
  4522 | D:3      | Found a shattered altar of Ashenzari.
  4522 | D:3      | Found a deep blue altar of Sif Muna.
  4587 | D:3      | Found a radiant altar of Vehumet.
  4629 | D:3      | Found a white marble altar of Elyvilon.
  5062 | D:4      | Reached skill level 5 in Conjurations
  5168 | D:4      | Reached * piety under Cheibriados
  5168 | D:4      | Gained mutation: You regenerate magic rapidly. [demonic
                  | ancestry]
  5168 | D:4      | Reached XP level 6. HP: 18/43 MP: 4/10
  5174 | D:4      | HP: 1/43 [acid (6)]
  5175 | D:4      | Was placed under penance by Cheibriados
  5175 | D:4      | Splashed by a jelly's acid

Skill      XL: |  1  2  3  4  5 |
---------------+----------------+-----
Conjurations   | 3 4 5 |  5.2
Spellcasting   | 2 3 |  3.2
Fighting       | |  1.0
Maces & Flails | |  1.0
Armour         | |  1.0
Stealth        | |  1.0
Shields        | |  1.0
Ice Magic      | |  1.7

Action                   |  1- 3 |  4- 6 || total
-------------------------+-------+-------++-------
Melee: Dagger            |    20 |    28 ||    48
       Mace              |    70 |       ||    70
       Flail             |    29 |   144 ||   173
       Trident           |       |    53 ||    53
 Cast: Magic Dart        |    32 |    37 ||    69
  Use: Potion            |     3 |     5 ||     8
  Eat: Chunk             |     4 |     8 ||    12
       Ration            |       |     1 ||     1
Armor: Ring mail         |    63 |   133 ||   196
       Skin              |    33 |       ||    33
Dodge: Dodged            |    70 |   151 ||   221
